 Dungeon Crawl Stone Soup version 0.30-b1-2-g02819fbbbe (webtiles) character file.

Game seed: 3941120619977909563

370384 MackTheKnife the Slayer (level 20, -3/200 (206) HPs)
             Began as a Minotaur Gladiator on May 10, 2023.
             Was a Priest of the Shining One (penitent).
             Slain by a profane servitor
             ... wielding a +2 demon whip of draining
              (6 damage)
             ... on level 3 of the Crypt.
             The game lasted 01:09:37 (40598 turns).

MackTheKnife the Slayer (Minotaur Gladiator)       Turns: 40598, Time: 01:09:38

HP:   -3/200 (206)  AC: 23    Str: 22    XL:     20   Next: 94%
MP:   7/21          EV: 27    Int:  1    God:    the Shining One [***...]
Gold: 1096          SH:  0    Dex: 15    Spells: 19/19 levels left

rFire   + + .        I - +7 great mace "Firestarter" {flame, immolate, rFlCloud rF++, mace}
rCold   . . .        (shield currently unavailable)
rNeg    + . .        P - +0 swamp dragon scales
rPois   +            c - +0 hat
rElec   .            x - +2 cloak {rCorr}
rCorr   +            o - +2 pair of gloves {Dex+3}
SInv    .            z - +0 pair of boots
Will    ++...        Z - amulet of regeneration {@e2}
Stlth   +            V - +5 ring of evasion
HPRegen 1.33/turn    j - ring of willpower
MPRegen 0.17/turn

%: random rage (3%)
@: on berserk cooldown, slowed, wreathed by umbra, lightly drained, unable to
read, very slow
A: horns 2, retaliatory headbutt, iridescent scales 2, berserk 1, clumsy 2,
dopey 2, low MP 3, weak 1, subdued magic 3, inability to read after injury 1
}: 4/15 runes: decaying, serpentine, slimy, abyssal
a: Renounce Religion


You were on level 3 of the Crypt.
You worshipped the Shining One.
The Shining One was demanding penance.
You visited 8 branches of the dungeon, and saw 41 of its levels.
You visited the Abyss 1 time.

You collected 3094 gold pieces.
You spent 1923 gold pieces at shops.
You donated 75 gold pieces to Zin.


Innate Abilities, Weirdness & Mutations

You have a pair of horns on your head.
You reflexively headbutt those who attack you in melee.
You are mostly covered in iridescent scales. (AC +4)
You sometimes lose your temper in combat.
You are very clumsy. (Dex -4)
You are very dopey. (Int -4)
Your magical capacity is extremely low. (-30% MP)
You are weak. (Str -2)
Your spells are much easier to cast, but much less powerful.
You occasionally lose the ability to read scrolls when taking damage.


   Skills:
 - Level 24.1 Fighting
 - Level 12.6(17.4) Axes
 - Level 19.2(20.5) Maces & Flails
 - Level 2.0 Throwing
 + Level 11.0 Armour
 - Level 21.3 Dodging
 - Level 15.3 Invocations
 - Level 7.8 Evocations


You had 19 spell levels left.
You didn't know any spells.
Your spell library contained the following spells:

 Spells                   Type           Power      Damage    Failure   Level
 Freeze                   Ice            0%         1d3       58%         1
 Kiss of Death            Conj/Necr      0%         2d5       58%         1
 Necrotise                Necr           0%         1d4       58%         1
 Shock                    Conj/Air       0%         1d3       58%         1
 Sting                    Tmut/Pois      0%         1d3       58%         1
 Cigotuvi's Dreadful Rot  Necr/Pois/Air  0%         N/A       73%         2
 Poisonous Vapours        Pois/Air       0%         N/A       73%         2
 Scorch                   Fire           0%         2d5       73%         2
 Sublimation of Blood     Necr           0%         N/A       73%         2
 Call Canine Familiar     Summ           0%         N/A       93%         3
 Dazzling Flash           Conj/Hex       0%         N/A       93%         3
 Swiftness                Air            0%         N/A       93%         3
 Tukima's Dance           Hex            0%         N/A       93%         3
 Vampiric Draining        Necr           0%         2d6       93%         3
 Airstrike                Air            0%         2d(0-16)  100%        4
 Anguish                  Hex/Necr       0%         N/A       100%        4
 Dispel Undead            Necr           0%         3d6       100%        4
 Flame Wave               Conj/Fire      0%         2d4       100%        4
 Ice Form                 Ice/Tmut       0%         N/A       100%        4
 Passage of Golubria      Tloc           0%         N/A       100%        4
 Petrify                  Tmut/Erth      0%         N/A       100%        4
 Summon Ice Beast         Ice/Summ       0%         N/A       100%        4
 Agony                    Necr           0%         N/A       100%        5
 Irradiate                Conj/Tmut      0%         3d11      100%        5
 Iskenderun's Battlesphe  Conj           0%         2d6       100%        5
 Silence                  Hex/Air        0%         N/A       100%        5
 Summon Mana Viper        Hex/Summ       0%         N/A       100%        5
 Yara's Violent Unravell  Hex/Tmut       0%         3d3       100%        5
 Death Channel            Necr           0%         N/A       100%        6
 Iron Shot                Conj/Erth      0%         9d1       100%        6
 Simulacrum               Ice/Necr       0%         N/A       100%        6
 Summon Cactus Giant      Summ           0%         N/A       100%        6
 Monstrous Menagerie      Summ           0%         N/A       100%        7
 Spellforged Servitor     Conj/Summ      0%         N/A       100%        7

Inventory:

Hand Weapons
 I - the +7 great mace "Firestarter" (weapon) {flame, immolate, rFlCloud rF++, mace}
   (You bought it in a shop on level 2 of the Dungeon)

   rFlCloud:  It grants immunity to clouds of flame.
   rF:        It greatly protects you from fire.
 R - the +8 autumn katana {manifold assault}
   (You found it on level 5 of the Pits of Slime)
 W - a +0 executioner's axe {axerare=g}
   (You took it off a yaktaur on level 1 of the Vaults)
Missiles
 l - a throwing net {=f!fthrowing}
 m - 4 javelins (quivered) {throwing}
Armour
 c - a +0 hat (worn)
 o - a +2 pair of gloves of dexterity (worn)
   (You bought it in a shop on level 4 of the Snake Pit)
 x - a +2 cloak of preservation (worn)
   (You bought it in a shop on level 2 of the Vaults)
 z - a +0 pair of boots (worn)
   (You found it on level 5 of the Dungeon)
 J - a +1 kite shield of cold resistance
   (You took it off a naga warrior on level 4 of the Snake Pit)
 P - +0 swamp dragon scales (worn)
   (You found it on level 4 of the Swamp)
Jewellery
 f - an amulet of reflection
   (You took it off a frost giant on level 1 of the Vaults)
 j - a ring of willpower (right hand)
   (You found it on level 4 of the Swamp)
 p - a ring of ice
   (You found it on level 2 of the Crypt)
 M - a ring of flight
   (You found it on level 9 of the Dungeon)
 Q - the ring "Roruf" {Contam rF+++ rC+ Int-5 SInv}
   (You found it on level 5 of the Pits of Slime)

   [ring of protection from cold]

   Int:       It affects your intelligence (-5).
   rF:        It renders you almost immune to fire.
   rC:        It protects you from cold.
   SInv:      It lets you see invisible.
   Contam:    It causes magical contamination when unequipped.
 V - a +5 ring of evasion (left hand)
   (You found it on level 13 of the Dungeon)
 X - a ring of see invisible
   (You took it off a naga warrior on level 2 of the Snake Pit)
 Z - an amulet of regeneration (around neck) {@e2}
   (You found it on level 3 of the Swamp)
Wands
 e - a wand of paralysis (12)
   (You took it off a gnoll bouda on level 5 of the Dungeon)
 C - a wand of polymorph (4) {forbidden}
   (You found it on level 1 of the Crypt)
 E - a wand of digging (8)
   (You found it on level 3 of the Swamp)
 F - a wand of flame (25)
   (You found it on level 4 of the Swamp)
 H - a wand of acid (6)
   (You took it off a yaktaur on level 1 of the Vaults)
 L - a wand of iceblast (17)
   (You found it on level 9 of the Dungeon)
Scrolls
 a - a scroll of enchant weapon
 h - 4 scrolls of fear
 k - 6 scrolls of enchant armour
 n - 4 scrolls of teleportation {@r4}
 r - 3 scrolls of silence {!r}
 s - 3 scrolls of summoning
 v - a scroll of fog
 y - 5 scrolls of blinking {!r}
 A - 5 scrolls of amnesia
 D - a scroll of magic mapping {!r}
 K - 4 scrolls of poison {!r}
 N - a scroll of brand weapon
 S - a scroll of immolation {!r!r}
 U - 10 scrolls of identify {@r1}
Potions
 b - 3 potions of invisibility
 d - 3 potions of flight
 g - 5 potions of might
 i - 4 potions of attraction {!q}
 q - a potion of brilliance
 t - a potion of curing {@q1}
 u - 4 potions of resistance
 w - 5 potions of magic
 B - a potion of berserk rage {!q}
Miscellaneous
 G - a phial of floods
   (You found it on level 4 of the Snake Pit)
 O - a box of beasts {forbidden}
   (You found it on level 4 of the Lair of Beasts)
 T - a lightning rod (4/4)
   (You found it on level 4 of the Snake Pit)
 Y - a phantom mirror
   (You found it on level 2 of the Snake Pit)

Dungeon Overview and Level Annotations

Branches:
Dungeon (15/15) Zot: 23222  Temple (0/1) D:5            Lair (5/5) D:8 Zot: 24393
  Swamp (4/4) Lair:3 Zot: 21057   Snake (4/4) Lair:2 Zot: 19943   Slime (5/5) Lair:5 Zot: 26686
    Orc (2/2) D:10 Zot: 9448     Elf (0/3) Orc:2        Vaults (3/5) D:14 Zot: 13380
  Crypt (3/3) Vaults:3 Zot: 13408    Tomb (0/3) Crypt:3      Depths (0/4) D:15

Altars:
Cheibriados
Elyvilon
Fedhas
Gozag
Hepliaklqana
Makhleb
Ru
Uskayaw
Wu Jian
Xom
Yredelemnul
Zin
The Shining One
Jiyva

Shops:
D:1 !   D:2 (   D:5 **   D:13 =   Orc:2 [(*=!   Snake:4 **[==   Vaults:2 [
Vaults:3 =

Portals:
Hell: Lair:5

Annotations:
Lair:5 2 transporters, NitroKuite's ghost, journeyman MiBe
Swamp:1 Roxanne
Vaults:1 1 runed translucent door, SpeedRobin's ghost, adept DDFi

#.[#.. #..... ####..# #.....
....##########.....
#.................
#.................
#......########...
#......#......#...
#......#......#...
#@.....#.....####. #
######Az....#.....#.... #.
#...........#.....#.###
#..#...).......#.....#.#..
##''###8[°......#.......#.>
##.....##))......#.....#.#..
#⌠....(')........#.....#.###
#⌠.....'.○.......#.....#....
##."...##........#.....####.


You could see a profane servitor (inner flame) and an ancient champion (fast).


Message History

Your daeva hits the profane servitor with a +5 long sword of holy wrath!!
Your daeva hits the profane servitor with a +5 long sword of holy wrath.
The profane servitor is engulfed in blazing flames.
The profane servitor hits your daeva with a +2 demon whip of draining!!
Your daeva blocks the profane servitor's attack. 😨 HP[+2]
You regained 2 hp, and now have 58/206 hp.
You are momentarily dazzled by a brilliant light.
The profane servitor is engulfed in blazing flames.
The profane servitor hits your daeva with a +2 demon whip of draining! x2
The ancient champion mumbles some strange words.
The ancient champion seems to speed up.
Your daeva is engulfed in blazing flames.
Your daeva calls down the wrath of the Shining One upon the profane servitor.
The profane servitor is smitten.
The profane servitor is engulfed in blazing flames.
The profane servitor hits your daeva with a +2 demon whip of draining!
The profane servitor hits your daeva with a +2 demon whip of draining.
The ancient champion gestures at you while chanting.
The iron shot hits you!!
* * * LOW HITPOINT WARNING * * *
Your daeva is engulfed in blazing flames.
Your daeva calls down the wrath of the Shining One upon the profane servitor.
The profane servitor is smitten. 😱 HP[-31] MP[-8]
You take 31 damage, and now have 27/206 hp.
You lost 8 mp, and now have 6/21 mp.
The profane servitor is engulfed in blazing flames.
Your daeva is engulfed in blazing flames.
Your daeva calls down the wrath of the Shining One upon the profane servitor.
The profane servitor is smitten.
Your daeva blocks the ancient champion's attack. 😱 HP[+2]
You regained 2 hp, and now have 29/206 hp.
Unknown command.
The profane servitor is engulfed in blazing flames.
Your daeva blocks the ancient champion's attack.
Your daeva is engulfed in blazing flames.
Your daeva hits the ancient champion with a +3 eudemon blade of holy wrath.
The ancient champion convulses.
Your daeva hits the ancient champion but does no damage.
The ancient champion points at your daeva and mumbles some strange words.
The iron shot hits your daeva!!!
Your daeva calls down the wrath of the Shining One upon the ancient champion.
The ancient champion is smitten.
The profane servitor hits you with a +2 demon whip of draining.
* * * LOW HITPOINT WARNING * * *
You partially resist.
You feel drained.
The profane servitor hits you with a +2 demon whip of draining!
* * * LOW HITPOINT WARNING * * *
You partially resist.
You feel drained.
Your daeva is engulfed in blazing flames.
You kill your daeva!
You feel extremely guilty.
You can no longer summon a divine warrior. "You will pay for your transgression, mortal!"
Your divine halo fades away.
Your daeva dissolves into sparkling lights! x2 😱 HP[-10] MP[+1]
You now have 204 max hp (-2).
You take 10 damage, and now have 19/204 hp.
Unknown command.
You miss the profane servitor.
The profane servitor hits you but does no damage.
You partially resist.
The profane servitor hits you with a +2 demon whip of draining!
* * * LOW HITPOINT WARNING * * *
You partially resist.
You feel drained.
* * * LOW HITPOINT WARNING * * *
😱 HP[-7]
You now have 202 max hp (-2).
You take 7 damage, and now have 12/202 hp.
Unknown command.
You miss the profane servitor.
The profane servitor completely misses you. x2
The ancient champion hits you but does no damage.
The profane servitor hits you with a +2 demon whip of draining!
* * * LOW HITPOINT WARNING * * *
The profane servitor draws strength from your injuries!
You partially resist.
You feel drained.
* * * LOW HITPOINT WARNING * * *
The profane servitor hits you but does no damage.
You partially resist. 😱 HP[-10]
You now have 200 max hp (-2).
You take 10 damage, and now have 2/200 hp.
Unknown command.
You cannot read scrolls in your current state!
Unknown command.
Okay, then.
You sock the profane servitor! You burn the profane servitor.
The profane servitor is filled with an inner flame.
The ancient champion completely misses you.
You furiously retaliate!
You headbutt the ancient champion!
The profane servitor hits you with a +2 demon whip of draining.
You die...

Skill      XL: |  1  2  3  4  5  6  7  8  9 10 11 12 13 14 15 16 17 18 19 20 |
---------------+-------------------------------------------------------------+-----
Axes           | 4 5 6 7 8 10 11 12 | 12.6
Fighting       | 3 4 5 6 8 10 12 13 15 19 21 24 | 24.1
Dodging        | 4 8 9 11 16 20 21 | 21.3
Armour         | 5 8 11 | 11.0
Maces & Flails | 1 13 18 19 | 19.2
Evocations     | 5 7 |  7.8
Invocations    | 11 15 | 15.3
Throwing       | |  2.0

Action                     |  1- 3 |  4- 6 |  7- 9 | 10-12 | 13-15 | 16-18 | 19-21 || total
---------------------------+-------+-------+-------+-------+-------+-------+-------++-------
  Melee: War axe           |    45 |   109 |   226 |   730 |    20 |       |       ||  1130
         Headbutt          |     7 |    20 |    51 |   174 |   131 |   260 |   208 ||   851
         Punch             |       |       |       |    12 |       |       |       ||    12
         Great mace        |       |       |       |       |   515 |   909 |   646 ||  2070
         Kick              |       |       |       |       |   128 |       |       ||   128
         Unarmed           |       |       |       |       |       |       |     5 ||     5
  Throw: Throwing net      |     2 |     1 |       |       |       |       |       ||     3
         Javelin           |       |     1 |       |       |       |       |       ||     1
 Invoke: Oozemancy         |       |       |     1 |     1 |     1 |       |       ||     3
         Slimify           |       |       |       |     3 |     1 |     1 |       ||     5
         Cleansing Flame   |       |       |       |       |       |       |     9 ||     9
         Summon Divine War |       |       |       |       |       |       |     3 ||     3
  Evoke: Wand              |       |       |     4 |     5 |       |     5 |       ||    14
         Box of beasts     |       |       |       |       |     1 |     2 |       ||     3
         Phantom mirror    |       |       |       |       |       |     2 |       ||     2
    Use: Potion            |       |       |     2 |       |       |    19 |    14 ||    35
         Scroll            |       |       |       |     7 |    17 |    12 |     2 ||    38
   Stab: Distracted        |       |     1 |       |     1 |     3 |     1 |       ||     6
         Paralysed         |       |       |     6 |     4 |       |       |       ||    10
         Sleeping          |       |       |     2 |       |     4 |       |       ||     6
         Petrified         |       |       |       |       |     2 |       |       ||     2
         Confused          |       |       |       |       |       |     9 |     1 ||    10
 Armour: Leather armour    |     9 |    17 |    75 |       |       |       |       ||   101
         Acid dragon scale |       |       |       |   167 |   152 |    19 |       ||   338
         Ring mail         |       |       |       |       |       |    89 |       ||    89
         Swamp dragon scal |       |       |       |       |       |    63 |   185 ||   248
         Skin              |       |       |       |       |       |     1 |     5 ||     6
  Dodge: Dodged            |    21 |    68 |   155 |   494 |   507 |  1100 |   737 ||  3082
  Block: Other             |       |       |       |       |    28 |       |       ||    28

Levels and vault maps discovered:
D:1:      minmay_arrival_four_loops, layout_loops_cross, serial_shops, shop
D:2:      layout_loops_corners, serial_shops, nicolae_shop_tiny_real_fake_doors,
          basic_altar, hangedman_decor_peaks_small,
          chequers_serial_rivers_room_a
D:3:      layout_loops_ring, hellmonk_ecumenical_altar_lost_god,
          hangedman_decor_slide_cut
D:4:      layout_loops_corners, nicolae_tso_carved_into_rock,
          overflow_temple_1_default, st_stairs_3
D:5:      layout_loops_corners, nicolae_wu_jian_immortal_techniques,
          temple_statues, nicolae_specific_store
D:6:      layout_basic, mainiacjoe_overflow_cross_hatched, uniq_edmund,
          uniq_eustachio
D:7:      layout_basic, chequers_temple_overflow_statue_of_worship,
          cheibrodos_worm_habitat, minmay_fractal_squares_diagonal_5
D:8:      layout_basic, due_lair_maze_entry_diamond, uniq_prince_ribbit1,
          uniq_maggie
D:9:      layout_basic, nicolae_wwwww, minmay_misc_feat_plants
D:10:     layout_irregular_city, general_overflow_altar, david_orc_5,
          grunt_ministairs_1
D:11:     nicolae_cairo_tiling_large_dashed, layout_basic
D:12:     layout_roguey, nicolae_ru_the_path_less_chosen, uniq_psyche
D:13:     layout_roguey [special_room_bee], serial_shops, shop, uniq_nessos,
          uniq_jorgrun, uniq_erolcha
D:14:     layout_roguey, david_vaults_5, bh_walls_and_bars
D:15:     grunt_enter_depths_hoard, layout_gridville, minivault_27, uniq_agnes
Lair:1:   layout_regular_city, chequers_serial_rivers_micro_d,
          serial_bayou_shore_a, infiniplex_staircase_pool_2, grunt_megastairs_2,
          lemuel_fruit_fields
Lair:2:   kb_forest_paths, layout_chaotic_city, guppyfry_snake_entry_garden,
          uniq_erica, uniq_amaemon
Lair:3:   dreamdust_isle_of_ice, layout_chaotic_city, swamp_mist, tgw_fedhas
Lair:4:   layout_misc_corridors, gammafunk_ghost_grave,
          amcnicky_mini_pool_medium
Lair:5:   evil_forest, layout_long_grid, slime_entry_2, gammafunk_ghost_hive,
          st_stairs_10
Swamp:1:  layout_falls_marsh, evilmike_swamp_ruin_house_4,
          infiniplex_staircase_pool, uniq_roxanne
Swamp:2:  layout_basic_swamp, serial_swamp_ruin, hangedman_swamp_ruin_hall,
          evilmike_swamp_ruin_house_3, hangedman_swamp_ravenous
Swamp:3:  layout_falls_marsh, evilmike_swamp_ruin_rubble_1
Swamp:4:  swamp_alternative, layout_basic_swamp
Snake:1:  layout_concentric_octagons
Snake:2:  layout_concentric_octagons, uniq_aizul
Snake:3:  layout_layer_cave, grunt_ministairs_2, grunt_megastairs_5
Snake:4:  snake_pit_salamanders_mu, layout_cave_town, serial_shops,
          nicolae_shop_peninsula, nicolae_shop_gaudy_bauble, nicolae_shop_trees,
          shop, nicolae_square_shop
Slime:1:  layout_caves
Slime:2:  layout_caves
Slime:3:  layout_caves, nicolae_slime_ancient_tower_intersection
Slime:4:  layout_caves, nicolae_slime_welcoming_committee
Slime:5
Orc:1:    nicolae_orc_accident_2, layout_caves, special_room [special_room_orc]
Orc:2:    grunt_orc_cross, layout_caves, serial_shops, shop_statue
Vaults:1: ebering_ghost_xom, nicolae_vaults_three_branches,
          vaults_dpeg_emergency_exit, nicolae_vaults_tetromino_T_1,
          vaults_room_corners, nicolae_vaults_quartermaster, vaults_dpeg_hooks,
          vaults_room_pools, v_misc_28, vaults_room_grunt_arrival_ludios,
          vaults_room_corners, nicolae_vaults_double_plus_1, v_misc_17,
          nicolae_vaults_layer_cake_slice, vaults_mumra_chevron,
          layout_vaults_maze_bifur
Vaults:2: hangedman_vaults_stitches, vaults_room_fours,
          nicolae_vaults_apartment_2, nicolae_vaults_know_your_exits, v_misc_16,
          nicolae_vaults_two_Ls, nicolae_vaults_prndl, v_misc_27,
          nicolae_vaults_alarming, layout_vaults_big_room, serial_shops,
          nicolae_shop_tiny_statue_garden
Vaults:3: hangedman_vaults_unwind, minmay_crypt_entry_simple_walls,
          nicolae_vaults_circle_grid_b, ontoclasm_vaults_shout,
          vaults_room_ringed_pool, v_misc_9, nicolae_vaults_big_angled_halls,
          nicolae_vaults_closet_pinwheel_5, grunt_vaults_bifocal,
          nicolae_vaults_angled_halls, vaults_room_pool,
          nicolae_vaults_tetromino_T_2, nicolae_vaults_closet_pinwheel_1,
          nicolae_vaults_double_plus_1, vaults_mumra_lcd, layout_vaults_omnibox,
          serial_shops, nicolae_shop_just_a_little_nook
Crypt:1:  layout_gridlike, minivault_25, grunt_crypt_arrival_split
Crypt:2:  layout_rooms, serial_co_window_serial, co_window_corner_a,
          co_window_corner_a, co_window_paths_a, co_window_corner_a,
          co_window_of_opportunity_a, co_window_paths_b, co_window_corner_a,
          co_window_paths_c, co_window_corner_cb, co_window_cross_3,
          co_window_paths_d, co_window_4corner_a, glass_columns_a,
          glass_columns_a, glass_columns_a, st_chilly_death
Crypt:3:  lightli_unholy_cathedral, layout_chaotic_city,
          tomb_entry_simple_bobbens, uniq_grunn, uniq_xtahua

Notes
Turn   | Place    | Note
-------+----------+-------------------------------------------
     0 | D:1      | MackTheKnife the Minotaur Gladiator began the quest for the
                  | Orb.
     0 | D:1      | Reached XP level 1. HP: 18/18 MP: 0/0
     0 | D:1      | magus.rc [v1.9.6]
   110 | D:1      | Found Bigimp Tegg's Distillery.
   129 | D:1      | Reached skill level 4 in Axes
   132 | D:1      | Reached XP level 2. HP: 25/25 MP: 1/1
   167 | D:1      | Reached skill level 3 in Fighting
   812 | D:2      | Reached XP level 3. HP: 26/31 MP: 2/2
  1303 | D:2      | Found Neppom's Weapon Shop.
  1490 | D:2      | Found a hide-covered altar of Uskayaw.
  1641 | D:3      | Noticed a scorpion
  1705 | D:3      | Killed a scorpion
  1706 | D:3      | Reached skill level 4 in Fighting
  1706 | D:3      | Reached skill level 5 in Axes
  1706 | D:3      | Reached XP level 4. HP: 41/41 MP: 3/3
  1730 | D:3      | Reached XP level 5. HP: 39/47 MP: 4/4
  1891 | D:3      | Reached skill level 5 in Fighting
  1913 | D:3      | Found a faded altar of an unknown god.
  1915 | D:3      | You add the spells Tukima's Dance, Passage of Golubria and
                  | Yara's Violent Unravelling to your library.
  2111 | D:3      | Prayed at the altar of an unknown god.
  2111 | D:3      | Became a worshipper of Jiyva Jicoa the Shapeless
  2111 | D:3      | Reached * piety under Jiyva
  2612 | D:4      | Reached ** piety under Jiyva
  2665 | D:4      | Reached skill level 6 in Axes
  2785 | D:4      | Found a glowing golden altar of the Shining One.
  3120 | D:4      | Reached *** piety under Jiyva
  3173 | D:4      | Noticed an ogre
  3183 | D:4      | Killed an ogre
  3184 | D:4      | Reached XP level 6. HP: 41/57 MP: 5/5
  3226 | D:4      | Found an opulent altar of Gozag.
  3388 | D:5      | Entered Level 5 of the Dungeon
  3405 | D:5      | Gained mutation: You are robust. (+10% HP) [Jiyva's grace]
  3405 | D:5      | Gained mutation: You are very robust. (+20% HP) [Jiyva's
                  | grace]
  3405 | D:5      | Gained mutation: You are extremely robust. (+30% HP)
                  | [Jiyva's grace]
  3405 | D:5      | Gained mutation: You have a small jelly attached to you
                  | that may absorb projectiles. [Jiyva's grace]
  3617 | D:5      | Found Catey's General Store.
  3621 | D:5      | Found Hadan's Specific Store.
  3629 | D:5      | Bought a scroll of blinking for 90 gold pieces
  3758 | D:5      | Reached skill level 6 in Fighting
  3886 | D:1      | Bought a potion of curing for 36 gold pieces
  4044 | D:5      | Found an ornate altar of the Wu Jian Council.
  4256 | D:5      | Reached skill level 7 in Axes
  4293 | D:6      | Reached **** piety under Jiyva
  4348 | D:6      | Noticed Eustachio
  4500 | D:5      | Found a staircase to the Ecumenical Temple.
  4585 | D:6      | Noticed a sky beast
  4596 | D:6      | Killed a sky beast
  4597 | D:6      | Reached XP level 7. HP: 45/83 MP: 6/6
  4629 | D:6      | Reached skill level 7 in Fighting
  4678 | D:6      | Found a sacrificial altar of Ru.
  4771 | D:6      | You pick up a book of Necromancy and begin reading...
  4771 | D:6      | You add the spells Necrotise, Vampiric Draining and Agony
                  | to your library.
  4789 | D:6      | Killed Eustachio
  4790 | D:6      | Reached skill level 8 in Axes
  4906 | D:6      | Noticed a wyvern
  4916 | D:6      | Killed a wyvern
  4917 | D:6      | Reached skill level 8 in Fighting
  4945 | D:6      | Noticed Edmund
  4957 | D:6      | Reached XP level 8. HP: 95/96 MP: 7/7
  4963 | D:6      | Killed Edmund
  4964 | D:6      | Reached skill level 9 in Axes
  5210 | D:7      | Found a hide-covered altar of Uskayaw.
  5309 | D:7      | Reached skill level 9 in Fighting
  5354 | D:7      | Reached skill level 10 in Axes
  5433 | D:7      | You pick up a book of Alchemy and begin reading...
  5433 | D:7      | You add the spells Sublimation of Blood, Petrify and
                  | Irradiate to your library.
  5439 | D:7      | Found a hazy altar of Hepliaklqana.
  5439 | D:7      | Found a glowing silver altar of Zin.
  5440 | D:7      | Found a white marble altar of Elyvilon.
  5444 | D:7      | Reached ***** piety under Jiyva
  5539 | D:7      | Reached skill level 10 in Fighting
  5539 | D:7      | Reached skill level 4 in Dodging
  5667 | D:7      | Found a snail-covered altar of Cheibriados.
  5906 | D:8      | Gained mutation: Your mind is acute. (Int +4, Str/Dex -1)
                  | [Jiyva's grace]
  5906 | D:8      | Gained mutation: Your mind is very acute. (Int +8, Str/Dex
                  | -2) [Jiyva's grace]
  5906 | D:8      | Gained mutation: Your translucent skin slightly reduces
                  | your foes' accuracy. (Stealth+) [Jiyva's grace]
  5906 | D:8      | Gained mutation: Your translucent skin reduces your foes'
                  | accuracy. (Stealth+) [Jiyva's grace]
  5930 | D:8      | Reached XP level 9. HP: 111/111 MP: 8/8
  5951 | D:8      | Reached skill level 5 in Dodging
  5973 | D:8      | Reached skill level 11 in Fighting
  5973 | D:8      | Found a staircase to the Lair.
  5975 | D:8      | Paralysed by something for 3 turns
  5991 | D:8      | Reached skill level 6 in Dodging
  6014 | D:8      | Paralysed by something for 5 turns
  6058 | D:8      | Reached skill level 7 in Dodging
  6136 | D:8      | Reached skill level 12 in Fighting
  6572 | D:8      | Noticed Maggie
  6577 | D:8      | Noticed Prince Ribbit
  6644 | D:8      | Killed Maggie
  6645 | D:8      | Reached skill level 8 in Dodging
  6645 | D:8      | Reached XP level 10. HP: 105/128 MP: 9/9
  6690 | D:8      | Killed Prince Ribbit
  6910 | D:9      | Noticed a two-headed ogre
  6922 | D:9      | Killed a two-headed ogre
  6923 | D:9      | Reached skill level 13 in Fighting
  6923 | D:9      | Reached skill level 9 in Dodging
  7431 | D:9      | Reached skill level 1 in Armour
  7438 | D:9      | Reached skill level 2 in Armour
  7492 | D:9      | Reached skill level 3 in Armour
  7594 | D:10     | Entered Level 10 of the Dungeon
  7594 | D:10     | Noticed a gargoyle
  7608 | D:10     | Killed a gargoyle
  7652 | D:10     | Reached skill level 4 in Armour
  7771 | D:10     | Reached skill level 5 in Armour
  7776 | D:10     | Found a staircase to the Orcish Mines.
  7795 | D:10     | Reached skill level 11 in Axes
  7795 | D:10     | Reached XP level 11. HP: 134/140 MP: 10/10
  7807 | Orc:1    | Entered Level 1 of the Orcish Mines
  7886 | Orc:1    | Noticed an orc knight
  7891 | Orc:1    | Noticed an orc warlord
  7891 | Orc:1    | Noticed an orc knight
  7891 | Orc:1    | Noticed an orc knight
  7895 | Orc:1    | Killed an orc knight
  7896 | Orc:1    | Reached skill level 6 in Armour
  7900 | Orc:1    | Killed an orc knight
  7976 | Orc:1    | Noticed an orc knight
  7981 | Orc:1    | Slimified an orc knight
  7981 | Orc:1    | an orc knight changed into a slime creature
  8041 | Orc:1    | Killed an orc knight
  8069 | Orc:1    | Slimified an orc warlord
  8069 | Orc:1    | an orc warlord changed into an acid blob
  8069 | Orc:1    | Noticed an acid blob
  8113 | Orc:1    | Lost mutation: You have a small jelly attached to you that
                  | may absorb projectiles. [Jiyva's grace]
  8113 | Orc:1    | Gained mutation: You are somewhat resistant to further
                  | mutation. [Jiyva's grace]
  8113 | Orc:1    | Gained mutation: You are somewhat resistant to both further
                  | mutation and mutation removal. [Jiyva's grace]
  8113 | Orc:1    | Gained mutation: You are almost entirely resistant to
                  | further mutation and mutation removal. [Jiyva's grace]
  8113 | Orc:1    | Gained mutation: You have a small jelly attached to you
                  | that may absorb projectiles. [Jiyva's grace]
  8126 | Orc:2    | Entered Level 2 of the Orcish Mines
  8126 | Orc:2    | Found a staircase to the Elven Halls.
  8145 | Orc:2    | Found Ephib's Distillery.
  8161 | Orc:2    | Reached skill level 7 in Armour
  8309 | Orc:1    | Reached skill level 12 in Axes
  8330 | Orc:1    | Noticed an orc sorcerer
  8339 | Orc:1    | Noticed a soul eater
  8339 | Orc:1    | Killed an orc sorcerer
  8489 | Orc:1    | Reached skill level 8 in Armour
  8551 | Orc:1    | Noticed an orc warlord
  8690 | Orc:2    | Noticed an orc high priest
  8704 | Orc:2    | Killed an orc high priest
  8705 | Orc:2    | Reached skill level 14 in Fighting
  9003 | Orc:2    | Noticed an orc sorcerer
  9070 | Orc:2    | Noticed an orc knight
  9071 | Orc:2    | Noticed Nergalle
  9071 | Orc:2    | Noticed an orc knight
  9154 | Orc:1    | Noticed an orc sorcerer
  9171 | Orc:1    | Killed an orc sorcerer
  9218 | Orc:1    | Reached skill level 15 in Fighting
  9256 | Orc:1    | Killed an orc warlord
  9410 | Orc:1    | Killed Nergalle
  9411 | Orc:1    | Reached XP level 12. HP: 154/157 MP: 11/11
  9524 | Orc:2    | Paralysed by an orc sorcerer for 2 turns
  9533 | Orc:2    | Noticed an orc warlord
  9561 | Orc:1    | Reached skill level 16 in Fighting
  9654 | Orc:2    | Noticed an orc high priest
  9671 | Orc:2    | Killed an orc high priest
  9745 | Orc:2    | HP: 33/161 [orc knight/+2 battleaxe (24)]
  9826 | Orc:1    | Reached skill level 17 in Fighting
  9884 | Orc:2    | Killed an orc warlord
  9923 | Orc:2    | Found Heatiff's Antique Weapon Shoppe.
  9932 | Orc:2    | Found Zaenim's Antique Armour Shoppe.
  9967 | Orc:2    | Found Acliel's Jewellery Shoppe.
  9983 | Orc:2    | Found Xotaih's General Store.
 10285 | D:10     | You pick up a book of Decay and begin reading...
 10285 | D:10     | You add the spells Cigotuvi's Dreadful Rot, Dispel Undead
                  | and Death Channel to your library.
 10440 | D:10     | Lost mutation: You have a small jelly attached to you that
                  | may absorb projectiles. [Jiyva's grace]
 10440 | D:10     | Gained mutation: You are partially covered in iridescent
                  | scales. (AC +2) [Jiyva's grace]
 10440 | D:10     | Gained mutation: You are mostly covered in iridescent
                  | scales. (AC +4) [Jiyva's grace]
 10440 | D:10     | Gained mutation: You are completely covered in iridescent
                  | scales. (AC +6) [Jiyva's grace]
 10440 | D:10     | Gained mutation: You have an increased reservoir of magic.
                  | (+10% MP) [Jiyva's grace]
 10671 | D:10     | Reached skill level 18 in Fighting
 10747 | D:10     | Found a basalt altar of Yredelemnul.
 10902 | D:11     | Noticed a two-headed ogre
 10920 | D:11     | Noticed a two-headed ogre
 10933 | D:11     | Killed a two-headed ogre
 10956 | D:11     | You pick up a book of Beasts and begin reading...
 10956 | D:11     | You add the spells Summon Ice Beast, Summon Mana Viper and
                  | Monstrous Menagerie to your library.
 11055 | D:11     | Reached ****** piety under Jiyva
 11559 | D:11     | Reached skill level 19 in Fighting
 11681 | D:12     | Noticed Psyche
 11700 | D:12     | a skeletal warrior changed into an acid blob
 11700 | D:12     | Noticed an acid blob
 11702 | D:12     | Killed Psyche
 11705 | D:12     | Killed an acid blob
 11879 | Lair:1   | Entered Level 1 of the Lair of Beasts
 12160 | Lair:1   | Reached skill level 1 in Maces & Flails
 12160 | Lair:1   | Reached XP level 13. HP: 179/179 MP: 13/13
 12176 | Lair:1   | Lost mutation: Your mind is very acute. (Int +8, Str/Dex
                  | -2) [Jiyva's grace]
 12176 | Lair:1   | Lost mutation: You are extremely robust. (+30% HP) [Jiyva's
                  | grace]
 12176 | Lair:1   | Gained mutation: You have large cloven feet. [Jiyva's
                  | grace]
 12176 | Lair:1   | Gained mutation: You have hoof-like feet. [Jiyva's grace]
 12176 | Lair:1   | Gained mutation: You have hooves in place of feet. [Jiyva's
                  | grace]
 12176 | Lair:1   | Gained mutation: You are partially covered in large bone
                  | plates. (SH +4) [Jiyva's grace]
 12214 | Lair:1   | Reached skill level 2 in Maces & Flails
 12273 | Lair:1   | Reached skill level 3 in Maces & Flails
 12862 | D:2      | Bought the +7 great mace "Firestarter" {flame, immolate,
                  | rFlCloud rF++} for 996 gold pieces
 12862 | D:2      | Found the +7 great mace "Firestarter" {flame, immolate,
                  | rFlCloud rF++, mace}
 13084 | Lair:2   | Reached skill level 4 in Maces & Flails
 13095 | Lair:2   | Noticed Amaemon
 13100 | Lair:2   | Reached skill level 5 in Maces & Flails
 13104 | Lair:2   | Killed Amaemon
 13113 | Lair:2   | Reached skill level 6 in Maces & Flails
 13294 | Lair:2   | Reached skill level 7 in Maces & Flails
 13423 | Lair:2   | Noticed Erica
 13428 | Lair:2   | Reached skill level 8 in Maces & Flails
 13445 | Lair:2   | Killed Erica
 13449 | Lair:2   | Reached skill level 9 in Maces & Flails
 13550 | Lair:2   | Found a staircase to the Snake Pit.
 14069 | Lair:3   | Reached skill level 10 in Maces & Flails
 14164 | Lair:3   | Reached skill level 11 in Maces & Flails
 14179 | Lair:3   | Identified the staff of death "Biegor" {rN+ MP+9 Int+3
                  | Stlth-}
 14279 | Lair:3   | Found a staircase to the Swamp.
 14323 | Lair:3   | Lost mutation: You are partially covered in large bone
                  | plates. (SH +4) [Jiyva's grace]
 14323 | Lair:3   | Lost mutation: You have an increased reservoir of magic.
                  | (+10% MP) [Jiyva's grace]
 14323 | Lair:3   | Lost mutation: You are almost entirely resistant to further
                  | mutation and mutation removal. [Jiyva's grace]
 14323 | Lair:3   | Lost mutation: You are very robust. (+20% HP) [Jiyva's
                  | grace]
 14323 | Lair:3   | Gained mutation: You are very robust. (+20% HP) [Jiyva's
                  | grace]
 14323 | Lair:3   | Gained mutation: You are extremely robust. (+30% HP)
                  | [Jiyva's grace]
 14323 | Lair:3   | Gained mutation: You are agile. (Dex +4, Str/Int -1)
                  | [Jiyva's grace]
 14323 | Lair:3   | Gained mutation: You are very agile. (Dex +8, Str/Int -2)
                  | [Jiyva's grace]
 14688 | Lair:3   | Found a blossoming altar of Fedhas.
 14994 | Lair:4   | Reached skill level 12 in Maces & Flails
 15106 | Lair:4   | Found a runed translucent door.
 15106 | Lair:4   | Noticed Anothat's ghost (journeyman FoFi)
 15131 | Lair:4   | You pick up a book of the Senses and begin reading...
 15131 | Lair:4   | You add the spells Dazzling Flash and Silence to your
                  | library.
 15184 | Lair:4   | Killed Anothat's ghost
 15213 | Lair:4   | Was placed under penance by Jiyva
 15214 | Lair:4   | Reached skill level 13 in Maces & Flails
 15352 | Lair:4   | Was forgiven by Jiyva
 15526 | Lair:5   | Entered Level 5 of the Lair of Beasts
 15543 | Lair:5   | Reached XP level 14. HP: 181/189 MP: 13/13
 15639 | Lair:5   | Reached skill level 14 in Maces & Flails
 15725 | Lair:5   | Reached skill level 15 in Maces & Flails
 15730 | Lair:5   | Was placed under penance by Jiyva
 15735 | Lair:5   | HP: 44/189 [dream sheep (18)]
 15740 | Lair:5   | HP: 36/189 [spore (9)]
 16125 | Lair:5   | Reached skill level 16 in Maces & Flails
 16295 | Lair:5   | Noticed NitroKuite's ghost (journeyman MiBe)
 16332 | Lair:5   | Found a transporter.
 16389 | Lair:5   | Found a transporter.
 16407 | Lair:5   | Found a runed translucent door.
 16410 | Lair:5   | Found a viscous altar of Jiyva.
 16411 | Lair:5   | Found a staircase to the Slime Pits.
 16427 | Slime:1  | Entered Level 1 of the Pits of Slime
 16427 | Slime:1  | Noticed an acid blob
 16432 | Slime:1  | Noticed a quicksilver ooze
 16931 | Lair:5   | Was forgiven by Jiyva
 17019 | Slime:1  | Noticed an acid blob
 17051 | Slime:4  | Noticed an azure jelly
 17056 | Slime:4  | Noticed a rockslime
 17058 | Slime:4  | Noticed an acid blob
 17122 | Slime:5  | Entered Level 5 of the Pits of Slime
 17152 | Slime:5  | Noticed an acid blob
 17172 | Slime:5  | Noticed a rockslime
 17210 | Slime:5  | Noticed a quicksilver ooze
 17227 | Slime:5  | Noticed an acid blob
 17235 | Slime:5  | Noticed an azure jelly
 17237 | Slime:5  | Noticed an acid blob
 17249 | Slime:5  | Noticed a rockslime
 17309 | Slime:5  | Noticed an azure jelly
 17310 | Slime:5  | Noticed an acid blob
 17322 | Slime:5  | Noticed an acid blob
 17331 | Slime:5  | Found a viscous altar of Jiyva.
 17332 | Slime:5  | Noticed an acid blob
 17335 | Slime:5  | Found the +8 autumn katana {manifold assault}
 17337 | Slime:5  | Noticed a quicksilver ooze
 17338 | Slime:5  | Noticed an azure jelly
 17341 | Slime:5  | You add the spells Sting, Poisonous Vapours and Call Canine
                  | Familiar to your library.
 17341 | Slime:5  | Got Xiafrup's Cyclopedia of the Filthy Gathering
 17348 | Slime:5  | Identified the ring "Roruf" {Contam rF+++ rC+ Int-5 SInv}
 17359 | Slime:5  | Got a slimy rune of Zot
 17369 | Slime:5  | You add the spells Freeze, Airstrike and Ice Form to your
                  | library.
 17369 | Slime:5  | Got Sif Muna's Guidebook on Frost and the Birds
 17370 | Slime:5  | Identified the +9 long sword of Parts Unknown {elec,
                  | Stlth+}
 17433 | Slime:1  | Noticed an azure jelly
 17580 | Lair:5   | Reached skill level 17 in Maces & Flails
 17592 | Lair:5   | Found a burning altar of Makhleb.
 17747 | Lair:5   | Found a gateway to Hell.
 18149 | D:12     | Was placed under penance by Jiyva
 18164 | D:12     | Lost mutation: Your translucent skin reduces your foes'
                  | accuracy. (Stealth+) [the all-consuming vengeance of Jiyva]
 18253 | D:12     | Gained mutation: You sometimes lose your temper in combat.
                  | [the all-consuming vengeance of Jiyva]
 18316 | D:12     | Reached skill level 18 in Maces & Flails
 18411 | D:12     | Was forgiven by Jiyva
 18595 | D:12     | Found a sacrificial altar of Ru.
 18641 | D:12     | You are sucked into a shaft and drop 3 floors!
 18641 | D:15     | Entered Level 15 of the Dungeon
 18645 | D:15     | Lost mutation: You have hooves in place of feet. [Jiyva's
                  | grace]
 18645 | D:15     | Lost mutation: You are completely covered in iridescent
                  | scales. (AC +6) [Jiyva's grace]
 18645 | D:15     | Lost mutation: You are somewhat resistant to both further
                  | mutation and mutation removal. [Jiyva's grace]
 18645 | D:15     | Lost mutation: You are somewhat resistant to further
                  | mutation. [Jiyva's grace]
 18645 | D:15     | Lost mutation: You are extremely robust. (+30% HP) [Jiyva's
                  | grace]
 18645 | D:15     | Gained mutation: You have a small jelly attached to you
                  | that senses nearby items. [Jiyva's grace]
 18645 | D:15     | Gained mutation: You are covered in slimy tendrils that may
                  | disarm your opponents. [Jiyva's grace]
 18645 | D:15     | Gained mutation: Your natural rate of healing is unusually
                  | fast. [Jiyva's grace]
 18645 | D:15     | Gained mutation: You heal very quickly. [Jiyva's grace]
 18734 | D:15     | Reached XP level 15. HP: 153/182 MP: 14/14
 18836 | D:15     | Found a staircase to the Depths.
 19017 | D:15     | Noticed Agnes
 19024 | D:15     | Killed Agnes
 19025 | D:15     | Reached skill level 19 in Maces & Flails
 19757 | D:14     | Reached skill level 20 in Fighting
 20057 | D:14     | Reached skill level 21 in Fighting
 20079 | D:14     | Found a gate to the Vaults.
 20226 | D:14     | Lost mutation: Your translucent skin slightly reduces your
                  | foes' accuracy. (Stealth+) [Jiyva's grace]
 20226 | D:14     | Lost mutation: You are covered in slimy tendrils that may
                  | disarm your opponents. [Jiyva's grace]
 20226 | D:14     | Lost mutation: You have a small jelly attached to you that
                  | senses nearby items. [Jiyva's grace]
 20226 | D:14     | Gained mutation: Your translucent skin slightly reduces
                  | your foes' accuracy. (Stealth+) [Jiyva's grace]
 20226 | D:14     | Gained mutation: Your translucent skin reduces your foes'
                  | accuracy. (Stealth+) [Jiyva's grace]
 20226 | D:14     | Gained mutation: Your transparent skin significantly
                  | reduces your foes' accuracy. (Stealth+) [Jiyva's grace]
 20226 | D:14     | Gained mutation: You are completely covered in iridescent
                  | scales. (AC +6) [Jiyva's grace]
 20372 | D:13     | Noticed Nessos
 20380 | D:13     | Killed Nessos
 20544 | D:13     | Noticed Erolcha
 20546 | D:13     | Killed Erolcha
 20716 | D:13     | Noticed Jorgrun
 20727 | D:13     | Slimified Jorgrun
 20727 | D:13     | Jorgrun changed into Jorgrun the azure jelly
 20727 | D:13     | Noticed Jorgrun
 20782 | D:13     | Killed Jorgrun the azure jelly
 20915 | D:13     | Found Iwiojulu's Jewellery Boutique.
 21408 | Snake:1  | Entered Level 1 of the Snake Pit
 21542 | Snake:1  | You add the spells Kiss of Death, Flame Wave, Anguish and
                  | Simulacrum to your library.
 21542 | Snake:1  | Got the Almanac of Wounds and the Autopsy
 21634 | Snake:1  | Reached skill level 10 in Dodging
 21662 | Snake:1  | You pick up a book of Air and begin reading...
 21662 | Snake:1  | You add the spells Shock and Swiftness to your library.
 21853 | Snake:1  | You fall into a shaft and drop 1 floor!
 21927 | Snake:1  | Reached skill level 11 in Dodging
 21928 | Snake:1  | Reached XP level 16. HP: 201/201 MP: 15/15
 22901 | Snake:2  | Noticed Aizul
 22912 | Snake:2  | Killed Aizul
 22952 | Snake:2  | Reached skill level 12 in Dodging
 22987 | Snake:2  | Lost mutation: You are very robust. (+20% HP) [Jiyva's
                  | grace]
 22987 | Snake:2  | Gained mutation: Your muscles are strong. (Str +4, Int/Dex
                  | -1) [Jiyva's grace]
 22987 | Snake:2  | Lost intelligence.
 22987 | Snake:2  | Gained mutation: Your muscles are very strong. (Str +8,
                  | Int/Dex -2) [Jiyva's grace]
 22987 | Snake:2  | Gained mutation: You are covered in slimy tendrils that may
                  | disarm your opponents. [Jiyva's grace]
 22987 | Snake:2  | Gained mutation: You have a small jelly attached to you
                  | that senses nearby items. [Jiyva's grace]
 23036 | Snake:2  | Lost mutation: You are completely covered in iridescent
                  | scales. (AC +6) [mutagenic glow]
 23397 | Snake:3  | Reached skill level 13 in Dodging
 23452 | Snake:3  | You pick up a book of Scorching and begin reading...
 23452 | Snake:3  | You add the spells Scorch and Summon Cactus Giant to your
                  | library.
 24146 | Snake:3  | Lost mutation: You have hoof-like feet. [Jiyva's grace]
 24146 | Snake:3  | Lost mutation: You are mostly covered in iridescent scales.
                  | (AC +4) [Jiyva's grace]
 24146 | Snake:3  | Lost mutation: You are very agile. (Dex +8, Str/Int -2)
                  | [Jiyva's grace]
 24146 | Snake:3  | Lost mutation: You sometimes lose your temper in combat.
                  | [Jiyva's grace]
 24146 | Snake:3  | Lost mutation: Your mind is acute. (Int +4, Str/Dex -1)
                  | [Jiyva's grace]
 24146 | Snake:3  | Lost mutation: Your muscles are very strong. (Str +8,
                  | Int/Dex -2) [Jiyva's grace]
 24146 | Snake:3  | Gained mutation: You have a small jelly attached to you
                  | that may absorb projectiles. [Jiyva's grace]
 24146 | Snake:3  | Gained mutation: You are mostly covered in iridescent
                  | scales. (AC +4) [Jiyva's grace]
 24146 | Snake:3  | Gained mutation: You are completely covered in iridescent
                  | scales. (AC +6) [Jiyva's grace]
 24146 | Snake:3  | Gained mutation: You have supernaturally acute eyesight.
                  | (SInv) [Jiyva's grace]
 24462 | Snake:4  | Entered Level 4 of the Snake Pit
 24501 | Snake:4  | Found Ujequseo's General Store.
 24511 | Snake:4  | Bought a +1 pair of gloves of dexterity for 280 gold pieces
 24521 | Snake:4  | Found Voam's Antique Armour Emporium.
 24531 | Snake:4  | Bought a spiked ring mail for 360 gold pieces
 24531 | Snake:4  | Identified the +0 ring mail of Polish {rElec} (You bought
                  | it in a shop on level 4 of the Snake Pit)
 24564 | Snake:4  | Reached skill level 14 in Dodging
 24666 | Snake:4  | Found Viubleg's General Store.
 24786 | Snake:4  | HP: 44/184 [naga ritualist/+0 trident (9)]
 24791 | Snake:4  | Reached skill level 15 in Dodging
 25064 | Snake:4  | Found Daisakhuedd's Jewellery Boutique.
 25072 | Snake:4  | Found Wiogistruerr's Jewellery Shop.
 25251 | Snake:4  | Reached skill level 16 in Dodging
 25442 | Snake:4  | Reached XP level 17. HP: 193/193 MP: 16/16
 25481 | Snake:4  | Reached skill level 17 in Dodging
 25571 | Snake:4  | Got a serpentine rune of Zot
 25953 | Swamp:1  | Entered Level 1 of the Swamp
 26158 | Swamp:1  | Reached skill level 18 in Dodging
 26170 | Swamp:1  | Identified Roxanne's Grimoire of Shapeshifting
 26170 | Swamp:1  | Noticed Roxanne
 26700 | Swamp:2  | You pick up a book of Power and begin reading...
 26700 | Swamp:2  | You add the spells Iskenderun's Battlesphere, Iron Shot and
                  | Spellforged Servitor to your library.
 26750 | Swamp:2  | Reached skill level 19 in Dodging
 26764 | Swamp:2  | Was placed under penance by Jiyva
 26875 | Swamp:2  | Was forgiven by Jiyva
 27000 | Swamp:2  | Lost mutation: You have supernaturally acute eyesight.
                  | (SInv) [Jiyva's grace]
 27000 | Swamp:2  | Lost mutation: You are agile. (Dex +4, Str/Int -1) [Jiyva's
                  | grace]
 27000 | Swamp:2  | Lost mutation: You are robust. (+10% HP) [Jiyva's grace]
 27000 | Swamp:2  | Lost mutation: You have a small jelly attached to you that
                  | senses nearby items. [Jiyva's grace]
 27000 | Swamp:2  | Lost mutation: You have a small jelly attached to you that
                  | may absorb projectiles. [Jiyva's grace]
 27000 | Swamp:2  | Gained mutation: Your body has grown eyes which may confuse
                  | attackers. (Acc +3) [Jiyva's grace]
 27000 | Swamp:2  | Gained mutation: Your body has grown many eyes which may
                  | confuse attackers. (Acc +5) [Jiyva's grace]
 27000 | Swamp:2  | Gained mutation: Your body is covered in eyes which may
                  | confuse attackers. (Acc +7, SInv) [Jiyva's grace]
 27000 | Swamp:2  | Gained mutation: You are robust. (+10% HP) [Jiyva's grace]
 27767 | Swamp:4  | Entered Level 4 of the Swamp
 27920 | Swamp:4  | Reached skill level 20 in Dodging
 27933 | Swamp:4  | HP: 39/193 [spore (11)]
 27938 | Swamp:4  | HP: 37/193 [spore (9)]
 28026 | Swamp:4  | Was placed under penance by Jiyva
 28217 | Swamp:4  | Got a decaying rune of Zot
 28927 | Vaults:1 | Entered Level 1 of the Vaults
 28943 | Vaults:1 | Reached XP level 18. HP: 179/201 MP: 11/17
 29018 | Vaults:1 | Reached skill level 21 in Dodging
 29278 | D:14     | Gained mutation: You have hidden genetic defects.
                  | [mutagenic glow]
 29286 | D:14     | Lost mutation: You have large cloven feet. [mutagenic glow]
 29301 | D:14     | Lost mutation: You are robust. (+10% HP) [mutagenic glow]
 29317 | D:14     | Gained mutation: Your spells are a little easier to cast,
                  | but a little less powerful. [mutagenic glow]
 29333 | D:14     | Gained mutation: You are dopey. (Int -2) [mutagenic glow]
 29341 | D:14     | Lost mutation: You heal very quickly. [mutagenic glow]
 29341 | D:14     | Lost mutation: Your natural rate of healing is unusually
                  | fast. [mutagenic glow]
 29341 | D:14     | Gained mutation: You do not regenerate when monsters are
                  | visible. [mutagenic glow]
 29370 | D:14     | Gained mutation: Armour fits poorly on your strangely
                  | shaped body. [mutagenic glow]
 29385 | D:14     | Gained mutation: You sometimes lose your temper in combat.
                  | [mutagenic glow]
 29393 | D:14     | Lost mutation: Your muscles are strong. (Str +4, Int/Dex
                  | -1) [mutagenic glow]
 29404 | D:14     | Gained mutation: You are clumsy. (Dex -2) [mutagenic glow]
 29419 | D:14     | Gained mutation: You occasionally lose the ability to read
                  | scrolls when taking damage. [mutagenic glow]
 29430 | D:14     | Gained mutation: You are weak. (Str -2) [mutagenic glow]
 29438 | D:14     | Gained mutation: Potions are less effective at restoring
                  | your health. [mutagenic glow]
 29452 | D:14     | HP: 32/144 [magical explosion (49)]
 29452 | D:14     | Gained mutation: Your spells are easier to cast, but less
                  | powerful. [mutagenic glow]
 29469 | D:14     | HP: 29/144 [magical explosion (10)]
 29469 | D:14     | Gained mutation: You have terrible hidden genetic defects.
                  | [mutagenic glow]
 29477 | D:13     | Gained mutation: Your magical capacity is low. (-10% MP)
                  | [mutagenic glow]
 29496 | D:13     | Lost mutation: You are dopey. (Int -2) [mutagenic glow]
 29512 | D:13     | Gained mutation: You are dopey. (Int -2) [mutagenic glow]
 29528 | D:13     | Lost mutation: Your spells are easier to cast, but less
                  | powerful. [mutagenic glow]
 29537 | D:13     | Gained mutation: You have an uncontrollable temper.
                  | [mutagenic glow]
 29547 | D:13     | Gained mutation: You are very dopey. (Int -4) [mutagenic
                  | glow]
 29561 | D:13     | Gained mutation: Your magical capacity is very low. (-20%
                  | MP) [mutagenic glow]
 29595 | D:13     | Gained mutation: You sometimes lose the ability to read
                  | scrolls when taking damage. [mutagenic glow]
 30029 | D:4      | Fell from the grace of Jiyva
 30029 | D:4      | Became a worshipper of the Shining One
 30653 | Vaults:1 | Reached skill level 22 in Fighting
 30663 | Vaults:1 | W - a +0 executioner's axe {axerare=g}
 30666 | Vaults:1 | HP: 37/163 [centaur warrior/arrow (16)]
 30676 | Vaults:1 | HP: 23/163 [spore (9)]
 30695 | Vaults:1 | HP: 14/168 [spore (8)]
 30867 | D:14     | Lost mutation: Your transparent skin significantly reduces
                  | your foes' accuracy. (Stealth+) [the all-consuming
                  | vengeance of Jiyva]
 30869 | D:14     | Gained mutation: You are very weak. (Str -4) [mutagenic
                  | glow]
 30881 | D:14     | Gained mutation: You occasionally shout uncontrollably at
                  | your foes. [mutagenic glow]
 31048 | Vaults:1 | Identified the +8 falchion of Fapn {vamp, Dex+2}
 31416 | Vaults:1 | Gained mutation: Your spells are easier to cast, but less
                  | powerful. [hidden defects]
 31515 | Vaults:1 | Reached skill level 23 in Fighting
 31661 | Vaults:1 | Reached * piety under the Shining One
 31662 | Vaults:1 | You fall into a shaft and drop 1 floor!
 31851 | Vaults:2 | HP: 44/189 [entropy weaver (11)]
 31858 | Vaults:2 | HP: 19/190 [vault guard/+0 long sword[a vault warden] (11)]
 31864 | Vaults:2 | Was placed under penance by the Shining One
 31864 | Vaults:2 | HP: 8/190 [spore (11)]
 31874 | Vaults:2 | HP: 7/190 [spore (4)]
 31876 | Vaults:2 | Gained mutation: You frequently scream uncontrollably at
                  | your foes. [hidden defects]
 31876 | Vaults:2 | Lost mutation: You have terrible hidden genetic defects.
                  | [hidden defects expressed]
 31947 | Vaults:2 | HP: 38/190 [rockslime[the all-consuming vengeance of Jiyva]
                  | (41)]
 32308 | Vaults:2 | Reached skill level 24 in Fighting
 32462 | Vaults:2 | Found Laggo's Armour Boutique.
 32474 | Vaults:2 | Bought a +0 cloak of preservation for 161 gold pieces
 32717 | Vaults:2 | Reached skill level 1 in Evocations
 32937 | Vaults:2 | Reached skill level 2 in Evocations
 33197 | Vaults:1 | Reached skill level 3 in Evocations
 33285 | Vaults:1 | Reached skill level 4 in Evocations
 33379 | Vaults:1 | Found a runed translucent door.
 33379 | Vaults:1 | Found a shimmering altar of Xom.
 33379 | Vaults:1 | Identified the +1 war axe "Usyixt" {chaos, rF- Will++}
 33379 | Vaults:1 | Noticed SpeedRobin's ghost (adept DDFi)
 33474 | Vaults:3 | Gained mutation: Your magical capacity is extremely low.
                  | (-30% MP) [hidden defects]
 33521 | Vaults:3 | Found Xerozxieg's Jewellery Emporium.
 33610 | Vaults:3 | Reached skill level 5 in Evocations
 33637 | Vaults:3 | Reached XP level 19. HP: 195/198 MP: 12/12
 33932 | Vaults:3 | Paralysed by a great orb of eyes for 2 turns
 33951 | Vaults:3 | Lost intelligence.
 33976 | Vaults:3 | Reached skill level 6 in Evocations
 34109 | Vaults:3 | Found a staircase to the Crypt.
 34145 | Vaults:3 | Was forgiven by the Shining One
 34211 | Crypt:1  | Entered Level 1 of the Crypt
 34325 | Crypt:1  | Reached skill level 7 in Evocations
 34589 | Crypt:1  | Lost mutation: You have an uncontrollable temper. [potion
                  | of mutation]
 34589 | Crypt:1  | Lost mutation: Potions are less effective at restoring your
                  | health. [potion of mutation]
 34589 | Crypt:1  | Lost mutation: You are very weak. (Str -4) [potion of
                  | mutation]
 34589 | Crypt:1  | Lost mutation: You are clumsy. (Dex -2) [potion of
                  | mutation]
 34589 | Crypt:1  | Lost mutation: You frequently scream uncontrollably at your
                  | foes. [potion of mutation]
 34590 | Crypt:1  | Lost mutation: You sometimes lose your temper in combat.
                  | [potion of mutation]
 34590 | Crypt:1  | Lost mutation: You are weak. (Str -2) [potion of mutation]
 34590 | Crypt:1  | Lost mutation: You do not regenerate when monsters are
                  | visible. [potion of mutation]
 34591 | Crypt:1  | Lost mutation: Your translucent skin reduces your foes'
                  | accuracy. (Stealth+) [potion of mutation]
 34591 | Crypt:1  | Lost mutation: You sometimes lose the ability to read
                  | scrolls when taking damage. [potion of mutation]
 34591 | Crypt:1  | Lost mutation: You occasionally shout uncontrollably at
                  | your foes. [potion of mutation]
 34591 | Crypt:1  | Lost mutation: You are completely covered in iridescent
                  | scales. (AC +6) [potion of mutation]
 34591 | Crypt:1  | Lost mutation: Armour fits poorly on your strangely shaped
                  | body. [potion of mutation]
 34591 | Crypt:1  | Gained mutation: You are completely covered in iridescent
                  | scales. (AC +6) [potion of mutation]
 34592 | Crypt:1  | Lost mutation: Your spells are easier to cast, but less
                  | powerful. [potion of mutation]
 34592 | Crypt:1  | Lost mutation: You occasionally lose the ability to read
                  | scrolls when taking damage. [potion of mutation]
 34592 | Crypt:1  | Lost mutation: You are completely covered in iridescent
                  | scales. (AC +6) [potion of mutation]
 34592 | Crypt:1  | Lost mutation: You have hidden genetic defects. [potion of
                  | mutation]
 34592 | Crypt:1  | Lost mutation: You are covered in slimy tendrils that may
                  | disarm your opponents. [potion of mutation]
 34631 | Crypt:1  | Gained mutation: You are clumsy. (Dex -2) [the
                  | all-consuming vengeance of Jiyva]
 34631 | Crypt:1  | Gained mutation: You occasionally lose the ability to read
                  | scrolls when taking damage. [the all-consuming vengeance of
                  | Jiyva]
 34631 | Crypt:1  | Gained mutation: You are very clumsy. (Dex -4) [the
                  | all-consuming vengeance of Jiyva]
 34748 | Crypt:1  | Paralysed by a vampire knight for 5 turns
 34873 | Crypt:1  | Reached ** piety under the Shining One
 34878 | Crypt:1  | Reached skill level 1 in Invocations
 34891 | Crypt:1  | Reached skill level 2 in Invocations
 34905 | Crypt:1  | Reached skill level 3 in Invocations
 35001 | Crypt:1  | Reached skill level 4 in Invocations
 35017 | Crypt:1  | Reached *** piety under the Shining One
 35020 | Crypt:1  | Noticed a curse skull
 35044 | Crypt:1  | Killed a curse skull
 35100 | Crypt:1  | Reached skill level 5 in Invocations
 35115 | Crypt:1  | Lost mutation: Your body is covered in eyes which may
                  | confuse attackers. (Acc +7, SInv) [the all-consuming
                  | vengeance of Jiyva]
 35233 | Crypt:1  | Reached **** piety under the Shining One
 35480 | Crypt:2  | Reached skill level 6 in Invocations
 35683 | Crypt:2  | Reached ***** piety under the Shining One
 36126 | Crypt:2  | Reached skill level 7 in Invocations
 36265 | Crypt:2  | Noticed a curse skull
 36281 | Crypt:2  | Killed a curse skull
 36309 | Crypt:2  | Reached skill level 8 in Invocations
 36309 | Crypt:2  | Reached ****** piety under the Shining One
 36667 | Crypt:2  | Reached skill level 9 in Invocations
 36877 | Crypt:2  | Gained mutation: You sometimes lose your temper in combat.
                  | [the all-consuming vengeance of Jiyva]
 36877 | Crypt:2  | Gained mutation: Your spells are easier to cast, but less
                  | powerful. [the all-consuming vengeance of Jiyva]
 36877 | Crypt:2  | Lost mutation: Your translucent skin slightly reduces your
                  | foes' accuracy. (Stealth+) [the all-consuming vengeance of
                  | Jiyva]
 37355 | D:7      | Fell from the grace of the Shining One
 37355 | D:7      | Became a worshipper of Zin the Law-Giver
 37355 | D:7      | Reached * piety under Zin
 37355 | D:7      | Reached ** piety under Zin
 37355 | D:7      | Reached *** piety under Zin
 37355 | D:7      | Reached **** piety under Zin
 37355 | D:7      | Reached ***** piety under Zin
 37761 | Crypt:3  | Entered Level 3 of the Crypt
 37878 | Crypt:3  | Reached skill level 10 in Invocations
 37891 | Crypt:2  | Lost mutation: Your body has grown many eyes which may
                  | confuse attackers. (Acc +5) [the all-consuming vengeance of
                  | Jiyva]
 37970 | Crypt:2  | Paralysed by a floating eye for 2 turns
 38170 | Vaults:1 | Lost mutation: Your body has grown eyes which may confuse
                  | attackers. (Acc +3) [the all-consuming vengeance of Jiyva]
 38170 | Vaults:1 | Was forgiven by Jiyva
 38497 | D:4      | Fell from the grace of Zin
 38497 | D:4      | Became a worshipper of the Shining One
 39002 | Crypt:3  | Noticed a doom hound
 39009 | Crypt:3  | Killed a doom hound
 39016 | Crypt:3  | Noticed Grunn
 39020 | Crypt:3  | Noticed a doom hound
 39024 | Crypt:3  | Killed Grunn
 39025 | Crypt:3  | Noticed a doom hound
 39027 | Crypt:3  | Killed a doom hound
 39031 | Crypt:3  | Killed a doom hound
 39032 | Crypt:3  | Reached skill level 11 in Invocations
 39032 | Crypt:3  | Noticed a Tzitzimitl
 39035 | Crypt:3  | Noticed a Tzitzimitl
 39037 | Crypt:3  | HP: 33/197 [???[a doom hound] (24)]
 39038 | Crypt:3  | Killed a Tzitzimitl
 39039 | Crypt:3  | Reached XP level 20. HP: 37/205 MP: 18/18
 39039 | Crypt:3  | Noticed a bone dragon
 39040 | Crypt:3  | HP: 11/205 [???[a doom hound] (6)]
 39041 | Crypt:3  | HP: 5/205 [bone dragon[a doom hound] (4)]
 39401 | Crypt:3  | Killed a bone dragon
 39461 | Crypt:3  | Reached skill level 12 in Invocations
 39530 | Crypt:3  | HP: 37/203 [reaper/+4 scythe of distortion[a doom hound]
                  | (30)]
 39534 | Crypt:3  | Reached skill level 13 in Invocations
 39535 | Crypt:3  | HP: 17/206 [reaper/+4 scythe of distortion[a doom hound]
                  | (8)]
 39535 | Crypt:3  | You are cast into the Abyss!
 39535 | Abyss:3  | Cast into level 3 of the Abyss (reaper)
 39717 | Abyss:3  | Found a candlelit altar of Ignis.
 39795 | Abyss:3  | Noticed a juggernaut
 39803 | Abyss:3  | Killed a juggernaut
 39804 | Abyss:3  | Reached skill level 14 in Invocations
 39811 | Abyss:3  | Found a glowing golden altar of the Shining One.
 39818 | Abyss:3  | HP: 42/206 [tentacled starspawn (28)]
 39823 | Abyss:3  | Was placed under penance by the Shining One
 39823 | Abyss:3  | HP: 31/206 [spore (3)]
 39855 | Abyss:3  | Got an abyssal rune of Zot
 39991 | Abyss:3  | Gained mutation: Your spells are much easier to cast, but
                  | much less powerful. [a neqoxec]
 39992 | Abyss:3  | Gained mutation: You are weak. (Str -2) [a neqoxec]
 40008 | Abyss:3  | HP: 48/206 [spore (13)]
 40009 | Abyss:3  | Reached skill level 15 in Invocations
 40013 | Crypt:3  | You pass through the gate.
 40013 | Crypt:3  | Escaped the Abyss
 40014 | Crypt:3  | HP: 45/206 [reaper/+4 scythe of distortion[a doom hound]
                  | (3)]
 40240 | Crypt:3  | Found a staircase to the Tomb.
 40538 | Crypt:3  | Was forgiven by the Shining One
 40545 | Crypt:3  | Reached skill level 9 in Armour
 40563 | Crypt:3  | Noticed Xtahua
 40565 | Crypt:3  | Reached skill level 10 in Armour
 40570 | Crypt:3  | Killed Xtahua
 40586 | Crypt:3  | Reached skill level 11 in Armour
 40588 | Crypt:3  | HP: 77/309 [spore (6)]
 40591 | Crypt:3  | Noticed a profane servitor
 40593 | Crypt:3  | HP: 27/206 [ancient champion/iron shot (33)]
 40595 | Crypt:3  | Was placed under penance by the Shining One
 40596 | Crypt:3  | HP: 13/204 [profane servitor/+2 demon whip of draining (7)]
 40597 | Crypt:3  | HP: 3/202 [profane servitor/+2 demon whip of draining (11)]
 40598 | Crypt:3  | Slain by a profane servitor

Vanquished Creatures
  A juggernaut (Abyss:3)
  Xtahua (Crypt:3)
  A bone dragon (Crypt:3)
  3 Tzitzimimeh (Crypt:3)
  3 doom hounds (Crypt:3)
  2 liches
  A hellephant (Abyss:3)
  Grunn (Crypt:3)
  Agnes (D:15)
  9 ancient champions
  3 tentacled starspawn (Abyss:3)
  A sphinx (Crypt:3)
  A thorn hunter (Swamp:1)
  3 nagarajas
  3 revenants
  3 azure jellies
  2 rockslimes
  2 vault wardens (Vaults:2)
  A quicksilver ooze (Vaults:2)
  A frost giant (Vaults:1)
  Aizul (Snake:2)
  3 angels (Abyss:3)
  2 orc warlords
  2 curse skulls
  7 ironbound preservers
  7 ghouls
  8 very ugly things
  3 ironbound thunderhulks
  8 vampire knights
  A caustic shrike skeleton (Abyss:3)
  2 reapers (Crypt:3)
  Nessos (D:13)
  A green draconian (Abyss:3)
  2 ophanim (Abyss:3)
  2 eleionomae
  The ghost of Anothat the Blocker, a journeyman FoFi of Ru (Lair:4)
  2 bunyips (Swamp:3)
  5 dire elephants
  An eidolon (Crypt:3)
  A fire dragon (D:15)
  2 mummy priests (Crypt:3)
  A crystal guardian (Vaults:1)
  13 jiangshi
  7 great orbs of eyes
  4 vault guards
  A spriggan zombie (Crypt:1)
  An entropy weaver (Vaults:2)
  An ice dragon (D:15)
  Erolcha (D:13)
  4 yaktaur captains
  23 hydras
  3 starcursed masses (Abyss:3)
  6 salamander tyrants
  A caustic shrike simulacrum (Crypt:2)
  2 peacekeepers
  A ghost crab (Swamp:3)
  A spriggan skeleton (Crypt:3)
  15 centaur warriors
  Erica (Lair:2)
  5 ironbound frosthearts
  2 catoblepae (Lair:5)
  2 tengu warriors (D:14)
  3 dancing weapons (Abyss:3)
  13 anacondas
  5 alligators
  4 two-headed ogres
  A death knight (Crypt:3)
  12 naga warriors
  3 boulder beetles
  6 death yaks (Lair:5)
  9 naga sharpshooters
  14 shock serpents
  6 large abominations (Abyss:3)
  3 vampire magi
  7 thrashing horrors (Abyss:3)
  Nergalle (Orc:1)
  2 orc high priests (Orc:2)
  A wretched star (Abyss:3)
  A soul eater (Crypt:1)
  An emperor scorpion zombie (Crypt:3)
  A fire crab (D:14)
  Amaemon (Lair:2)
  A sun demon (Lair:5)
  A storm dragon skeleton (Crypt:2)
  4 goliath frogs
  4 flayed ghosts
  6 salamander mystics
  50 skeletal warriors
  2 cherubim (Abyss:3)
  6 shadow wraiths
  A glowing orange brain (Vaults:3)
  2 anaconda zombies
  4 spriggan simulacra (Crypt:2)
  2 spriggan druids (Swamp:4)
  13 deep trolls
  14 bog bodies
  4 naga ritualists (Snake:4)
  5 ironbound convokers
  10 swamp dragons
  7 lindwurms
  A bunyip skeleton (Crypt:1)
  9 phantasmal warriors
  2 wizards
  A harpy (shapeshifter) (D:14)
  2 deep elf pyromancers
  3 necromancers
  6 mana vipers
  A golden dragon skeleton (Crypt:2)
  7 orc knights
  2 will-o-the-wisps
  A manticore (D:12)
  An oklob plant (Lair:3)
  19 ugly things
  20 salamanders
  6 cyclopes
  3 orc sorcerers
  A shining eye (Vaults:3)
  A dire elephant zombie (Crypt:1)
  A worldbinder (Abyss:3)
  6 naga magi
  8 vault sentinels
  3 titan simulacra (Crypt:2)
  An eleionoma skeleton (Crypt:3)
  An apocalypse crab (Abyss:3)
  7 guardian serpents
  2 smoke demons
  15 cane toads
  A torpor snail (Lair:5)
  3 orange demons
  26 black mambas
  An eye of devastation (Crypt:1)
  Maggie (D:8)
  An unseen horror (D:11)
  5 gargoyles
  6 rime drakes
  A steelbarb worm zombie (Crypt:3)
  A yellow draconian zombie (Crypt:1)
  A komodo dragon (shapeshifter) (D:13)
  3 kobold demonologists
  2 anaconda simulacra
  9 freezing wraiths
  12 komodo dragons
  A tengu conjurer (D:14)
  28 yaktaurs
  8 guardian mummies (Crypt:3)
  2 ice devils
  A death drake zombie (Crypt:2)
  An ancient zyme (Abyss:3)
  A golden dragon simulacrum (Crypt:2)
  A bunyip simulacrum (Crypt:2)
  A mana viper zombie (Crypt:3)
  11 tyrant leeches
  A red devil (Lair:5)
  11 polar bears
  2 harpy zombies
  2 shadow dragon simulacra (Crypt:2)
  A meliai (shapeshifter) (D:14)
  5 meliai (D:13)
  A bloated husk (Swamp:1)
  7 hornets
  6 trolls
  A hydra skeleton (Crypt:1)
  Prince Ribbit (D:8)
  A radroach zombie (Crypt:2)
  12 blink frogs
  A culicivora zombie (Crypt:1)
  7 dream sheep (Lair:5)
  3 raiju (Abyss:3)
  A stone giant simulacrum (Crypt:2)
  A great orb of eyes zombie (Crypt:3)
  3 centaur simulacra
  35 slime creatures
  An ettin skeleton (Crypt:1)
  A vampire (D:14)
  3 dire elephant simulacra (Crypt:2)
  2 ushabtiu (Crypt:3)
  13 wraiths
  48 yaks
  6 wyverns
  Eustachio (D:6)
  2 basilisks
  14 spriggans
  3 neqoxecs (Abyss:3)
  2 alligator snapping turtle simulacra (Crypt:2)
  3 vampire mosquitoes (Swamp:1)
  A catoblepas simulacrum (Crypt:2)
  A death yak simulacrum (Lair:3)
  A minotaur simulacrum (Crypt:2)
  2 redbacks (Vaults:2)
  A glowing shapeshifter zombie (Crypt:1)
  A steam dragon (Lair:1)
  Edmund (D:6)
  3 harpy simulacra
  28 nagas
  A naga zombie (Crypt:1)
  6 small abominations (Abyss:3)
  7 wargs
  A skyshark zombie (Crypt:1)
  15 swamp worms
  2 acid dragons
  4 hell hounds (Lair:5)
  A two-headed ogre skeleton (Crypt:1)
  17 water moccasins
  A floating eye (Crypt:2)
  11 swamp drakes
  A naga skeleton (Crypt:1)
  4 sky beasts
  44 orc warriors
  A cane toad skeleton (Crypt:2)
  A fire dragon simulacrum (Crypt:2)
  An ettin simulacrum (Crypt:3)
  7 black bears
  11 ogres
  A boggart (Vaults:1)
  An ice dragon simulacrum (Crypt:2)
  6 centaurs
  A dream sheep skeleton (Crypt:2)
  9 wolves
  2 kobold brigands
  20 bullfrogs
  2 scorpions
  A cyclops zombie (Crypt:1)
  8 necrophages
  An earth elemental (Abyss:3)
  A komodo dragon skeleton (Crypt:1)
  An entropy weaver simulacrum (Lair:3)
  3 wights (D:9)
  A hornet simulacrum (D:14)
  A wyvern skeleton (Crypt:1)
  A swamp dragon simulacrum (Crypt:1)
  24 killer bees
  8 howler monkeys
  3 electric eels (D:9)
  A quasit (Abyss:3)
  22 orc priests
  2 iron imps (Abyss:3)
  38 jellies
  A hound (D:6)
  3 gnoll boudas
  3 iguanas
  23 orc wizards
  5 hell rats (Lair:5)
  A wolf simulacrum (Lair:3)
  17 gnolls
  5 adders
  3 naga simulacra
  3 shadow imps
  2 white imps
  A lava snake zombie (Crypt:2)
  2 worms
  4 dart slugs
  89 orcs
  5 bats
  9 endoplasms
  3 giant cockroaches
  6 goblins
  3 hobgoblins
  10 kobolds
  3 ball pythons
  2 frilled lizards
  2 gnoll skeletons (Crypt:1)
  A kobold skeleton (Crypt:1)
  5 rats
  2 briar patches (Swamp:1)
  2 starspawn tentacles (Abyss:3)
1437 creatures vanquished.

Vanquished Creatures (collateral kills)
  2 death yaks (Lair:5)
2 creatures vanquished.

Vanquished Creatures (others)
  An acid blob (D:12)
  An azure jelly (D:13)
  A vampire knight (Crypt:3)
  A centaur warrior (D:13)
  An orc knight (D:14)
  Psyche (D:12)
  A rime drake (Lair:5)
  A polar bear (Lair:5)
  A queen bee (D:13)
  A meliai (D:13)
  A hornet (Swamp:1)
  5 slime creatures
  A yak (D:8)
  A wraith (D:13)
  A basilisk (Lair:2)
  3 nagas
  2 water moccasins (Lair:1)
  A black bear (D:5)
  9 centaurs
  6 killer bees (D:13)
  A howler monkey (D:11)
  152 jellies
  2 orc priests (Orc:2)
  2 orc wizards (Orc:2)
  An iguana (D:5)
  An adder (D:5)
  A gnoll (D:5)
  A white imp (D:5)
  A dart slug (D:4)
  6 orcs
  An endoplasm (D:4)
  A giant cockroach (D:4)
  A hobgoblin (D:4)
  5 kobolds
  A goblin (D:4)
  2 butterflies (Lair:1)
  12 foxfires
  109 fungi
  158 plants
  4 starspawn tentacles (Abyss:3)
502 creatures vanquished.

Grand Total: 1941 creatures vanquished

Table legend:
 A = Non-vault XP
 B = Vault XP
 C = Vault XP percentage of total XP
 D = Non-vault monster count
 E = Vault monster count
 F = Vault count percentage of total count
                 A         B        C        D         E       F
            +---------+---------+-------+---------+---------+-------
      Total |  367241 |  211219 |  36.5 |     927 |     459 |  33.1
            +---------+---------+-------+---------+---------+-------
        D:1 |      26 |       0 |   0.0 |      16 |       0 |   0.0
        D:2 |      30 |       0 |   0.0 |      11 |       0 |   0.0
        D:3 |     206 |       0 |   0.0 |      28 |       0 |   0.0
        D:4 |     134 |      59 |  30.6 |       5 |       2 |  28.6
        D:5 |     208 |       0 |   0.0 |      15 |       0 |   0.0
        D:6 |     735 |     416 |  36.1 |      20 |       3 |  13.0
        D:7 |     364 |     503 |  58.0 |       7 |       6 |  46.2
        D:8 |    1876 |    1710 |  47.7 |      28 |      11 |  28.2
        D:9 |    2731 |       0 |   0.0 |      24 |       0 |   0.0
       D:10 |    2926 |    1339 |  31.4 |      21 |      31 |  59.6
       D:11 |    4228 |       0 |   0.0 |      21 |       0 |   0.0
       D:12 |    8969 |       0 |   0.0 |      20 |       0 |   0.0
       D:13 |    3018 |    3551 |  54.1 |       8 |      20 |  71.4
       D:14 |   17451 |    6914 |  28.4 |      35 |      12 |  25.5
       D:15 |    7753 |    3337 |  30.1 |      16 |       3 |  15.8
     Lair:1 |    2730 |     745 |  21.4 |      13 |       4 |  23.5
     Lair:2 |    5411 |    5217 |  49.1 |      19 |      18 |  48.6
     Lair:3 |    2508 |    4090 |  62.0 |      11 |      17 |  60.7
     Lair:4 |    4768 |    2707 |  36.2 |      21 |       5 |  19.2
     Lair:5 |   18838 |    9934 |  34.5 |      46 |      26 |  36.1
    Swamp:1 |   11889 |       0 |   0.0 |      23 |       0 |   0.0
    Swamp:2 |    6480 |    6933 |  51.7 |      14 |      13 |  48.1
    Swamp:3 |   11555 |       0 |   0.0 |      21 |       0 |   0.0
    Swamp:4 |    5877 |   15701 |  72.8 |      17 |      30 |  63.8
    Snake:1 |   10608 |       0 |   0.0 |      21 |       0 |   0.0
    Snake:2 |   16739 |    1206 |   6.7 |      32 |       1 |   3.0
    Snake:3 |    5091 |    2781 |  35.3 |      10 |       6 |  37.5
    Snake:4 |   24269 |   28218 |  53.8 |      41 |      42 |  50.6
      Orc:1 |    4137 |    4306 |  51.0 |      36 |      22 |  37.9
      Orc:2 |    3040 |    5987 |  66.3 |      44 |      29 |  39.7
   Vaults:1 |   29241 |   19908 |  40.5 |      49 |      32 |  39.5
   Vaults:2 |   17579 |   13081 |  42.7 |      28 |      25 |  47.2
   Vaults:3 |   11260 |   10346 |  47.9 |      13 |      11 |  45.8
    Crypt:1 |   27516 |       0 |   0.0 |      48 |       0 |   0.0
    Crypt:2 |   14026 |   16893 |  54.6 |      24 |      45 |  65.2
    Crypt:3 |   55443 |   33940 |  38.0 |      64 |      36 |  36.0
    Abyss:3 |   27581 |   11397 |  29.2 |      57 |       9 |  13.6
            +---------+---------+-------+---------+---------+-------

Skill      XL: |  1  2  3  4  5  6  7  8  9 10 11 12 13 14 15 16 17 18 19 20 |
---------------+-------------------------------------------------------------+-----
Axes           | 4 5 6 7 8 10 11 12 | 12.6
Fighting       | 3 4 5 6 8 10 12 13 15 19 21 24 | 24.1
Dodging        | 4 8 9 11 16 20 21 | 21.3
Armour         | 5 8 11 | 11.0
Maces & Flails | 1 13 18 19 | 19.2
Evocations     | 5 7 |  7.8
Invocations    | 11 15 | 15.3
Throwing       | |  2.0

Action                     |  1- 3 |  4- 6 |  7- 9 | 10-12 | 13-15 | 16-18 | 19-21 || total
---------------------------+-------+-------+-------+-------+-------+-------+-------++-------
  Melee: War axe           |    45 |   109 |   226 |   730 |    20 |       |       ||  1130
         Headbutt          |     7 |    20 |    51 |   174 |   131 |   260 |   208 ||   851
         Punch             |       |       |       |    12 |       |       |       ||    12
         Great mace        |       |       |       |       |   515 |   909 |   646 ||  2070
         Kick              |       |       |       |       |   128 |       |       ||   128
         Unarmed           |       |       |       |       |       |       |     5 ||     5
  Throw: Throwing net      |     2 |     1 |       |       |       |       |       ||     3
         Javelin           |       |     1 |       |       |       |       |       ||     1
 Invoke: Oozemancy         |       |       |     1 |     1 |     1 |       |       ||     3
         Slimify           |       |       |       |     3 |     1 |     1 |       ||     5
         Cleansing Flame   |       |       |       |       |       |       |     9 ||     9
         Summon Divine War |       |       |       |       |       |       |     3 ||     3
  Evoke: Wand              |       |       |     4 |     5 |       |     5 |       ||    14
         Box of beasts     |       |       |       |       |     1 |     2 |       ||     3
         Phantom mirror    |       |       |       |       |       |     2 |       ||     2
    Use: Potion            |       |       |     2 |       |       |    19 |    14 ||    35
         Scroll            |       |       |       |     7 |    17 |    12 |     2 ||    38
   Stab: Distracted        |       |     1 |       |     1 |     3 |     1 |       ||     6
         Paralysed         |       |       |     6 |     4 |       |       |       ||    10
         Sleeping          |       |       |     2 |       |     4 |       |       ||     6
         Petrified         |       |       |       |       |     2 |       |       ||     2
         Confused          |       |       |       |       |       |     9 |     1 ||    10
 Armour: Leather armour    |     9 |    17 |    75 |       |       |       |       ||   101
         Acid dragon scale |       |       |       |   167 |   152 |    19 |       ||   338
         Ring mail         |       |       |       |       |       |    89 |       ||    89
         Swamp dragon scal |       |       |       |       |       |    63 |   185 ||   248
         Skin              |       |       |       |       |       |     1 |     5 ||     6
  Dodge: Dodged            |    21 |    68 |   155 |   494 |   507 |  1100 |   737 ||  3082
  Block: Other             |       |       |       |       |    28 |       |       ||    28

Illustrated notes

Table legend:
 A = Kills in this place as a percentage of kills in the entire game.
 B = Kills by you in this place as a percentage of kills by you in the entire game.
 C = Kills by friends in this place as a percentage of kills by friends in the entire game.
 D = Other kills in this place as a percentage of other kills in the entire game.
 E = Experience gained in this place as a percentage of experience gained in the entire game.
 F = Experience gained in this place divided by the number of levels of this place that you have seen.
                   A       B       C       D       E      F
               +-------+-------+-------+-------+-------+----------------------
         Total | 100.0 | 100.0 | 100.0 | 100.0 | 100.0 | 13772.9
       Dungeon |  26.2 |  26.2 |   0.0 |  25.0 |  11.8 | 4565.6
          Lair |  13.0 |  12.9 | 100.0 |   0.0 |   9.8 | 11389.6
         Swamp |   8.5 |   8.4 |   0.0 |  37.5 |  10.1 | 14608.8
     Snake Pit |  11.0 |  11.0 |   0.0 |  12.5 |  15.4 | 22228.0
  Orcish Mines |   9.5 |   9.5 |   0.0 |   0.0 |   3.0 | 8735.0
        Vaults |  11.4 |  11.4 |   0.0 |  12.5 |  17.5 | 33805.0
         Crypt |  15.7 |  15.7 |   0.0 |  12.5 |  25.6 | 49272.7
         Abyss |   4.8 |   4.8 |   0.0 |   0.0 |   6.7 | 38978.0
               +-------+-------+-------+-------+-------+----------------------

Table legend: (Time is in decaauts)
 A = Elapsed time spent in this place.
 B = Non-inter-level travel time spent in this place.
 C = Inter-level travel time spent in this place.
 D = Time resting spent in this place.
 E = Time spent auto-exploring this place.
 F = Levels seen in this place.
 G = Mean time per level.
                   A        B        C        D        E       F      G
               +--------+--------+--------+--------+--------+-----+--------+
         Total |  41228 |  35438 |   5790 |   4612 |  23038 |  42 |  981.6 |
       Dungeon |  15990 |  12643 |   3347 |   1216 |   9177 |  15 | 1066.0 |
          Lair |   5606 |   4956 |    650 |    677 |   3433 |   5 | 1121.2 |
         Swamp |   2942 |   2726 |    216 |    126 |   1900 |   4 |  735.5 |
     Snake Pit |   4056 |   3842 |    214 |    154 |   2865 |   4 | 1014.0 |
    Slime Pits |    433 |    349 |     84 |      0 |    280 |   5 |   86.6 |
  Orcish Mines |   2551 |   2352 |    199 |    185 |   1114 |   2 | 1275.5 |
        Vaults |   4619 |   3957 |    662 |   1083 |   2020 |   3 | 1539.7 |
         Crypt |   4589 |   4174 |    415 |   1112 |   2162 |   3 | 1529.7 |
         Abyss |    439 |    439 |      0 |     58 |     86 |   1 |  439.0 |
               +--------+--------+--------+--------+--------+-----+--------+

Top non-repeatable levels by time:
 Crypt:2: 2083 daAuts
Vaults:1: 1958 daAuts
  Lair:5: 1664 daAuts
 Crypt:1: 1661 daAuts
Vaults:2: 1559 daAuts
   Orc:2: 1476 daAuts
    D:14: 1356 daAuts
    D:11: 1346 daAuts
 Snake:4: 1318 daAuts
    D:13: 1284 daAuts
     D:8: 1256 daAuts
    D:10: 1182 daAuts
     D:4: 1161 daAuts
 Snake:3: 1160 daAuts
     D:5: 1109 daAuts
